Map: Arctic Gates

Players

A.I. 1 (Elite) - Winner!

  • Race: Terran Terran
  • Spawn Location: 9:00

A.I. 2 (Elite)

  • Race: Protoss Protoss
  • Spawn Location: 3:00

VOD

Have the link to the VOD?

Description

Time

  • Played on: Aug. 20, 2017, 11:01 a.m.
  • Length: 15:31
Show
View Real Time Build Order
Export as new Build Order

A.I. 1 (Elite) Terran - Winner!

Build Orders: MMM Bio 

Get SALT Encoding   

  12  0:01  SCV  
  13  0:13  SCV  
  14  0:19  Supply Depot  
  14  0:25  SCV  
  15  0:41  SCV  
  16  0:45  Barracks  
  16  0:47  Refinery  
  16  0:53  SCV  
  17  1:05  Barracks  
  17  1:06  SCV  
  18  1:18  SCV  
  19  1:31  Orbital Command  
  19  1:32  Marine  
  20  1:43  Barracks  
  20  1:50  Marine  
  20  1:52  Marine  
  22  2:02  Supply Depot  
  22  2:03  SCV  
  23  2:09  Barracks Tech Lab  
  23  2:11  Barracks Tech Lab  
  23  2:23  SCV  
  23  2:27  Marine  
  23  2:29  Marine  
  25  2:30  Marine, Stimpack  
  25  2:32  Concussive Shells  
  27  2:39  Supply Depot  
  27  2:45  Marine  
  27  2:47  Marine  
  27  2:48  Marine  
  27  2:49  SCV  
  31  3:03  Marauder  
  33  3:06  Marine, Marauder  
  33  3:12  Supply Depot  
  36  3:22  Combat Shields  
  36  3:24  Marine x2, SCV  
  39  3:32  Supply Depot  
  39  3:33  Marine  
  40  3:41  Marine  
  40  3:45  Refinery  
  42  3:55  SCV  
  42  4:04  Factory  
  42  4:07  SCV  
  43  4:19  SCV  
  44  4:27  Supply Depot  
  44  4:32  SCV  
  45  4:40  Marauder x2  
  45  4:42  Engineering Bay  
  48  4:48  Command Center  
  48  4:52  Starport  
  48  5:01  Marauder  
  48  5:02  Marauder  
  52  5:11  Terran Infantry Weapons Level 1  
  52  5:23  Marauder x2  
  56  5:29  Engineering Bay  
  56  5:33  Marine  
  57  5:37  Supply Depot  
  57  5:45  Marauder  
  59  5:50  Marauder  
  59  5:52  Barracks Reactor  
  59  5:55  Terran Infantry Armor Level 1  
  61  6:01  SCV x2  
  63  6:13  SCV  
  63  6:14  SCV  
  65  6:21  Refinery  
  65  6:25  SCV  
  66  6:26  SCV  
  66  6:32  Factory Tech Lab  
  67  6:37  Missile Turret, SCV  
  67  6:38  SCV  
  69  6:41  Command Center  
  69  6:49  SCV  
  69  6:50  Siege Tank  
  73  6:56  Orbital Command  
  73  7:01  SCV  
  74  7:10  Supply Depot  
  74  7:13  SCV  
  74  7:15  Missile Turret  
  75  7:22  Siege Tank  
  75  7:25  Barracks  
  75  7:26  SCV x2  
  80  7:35  Starport Reactor  
  80  7:38  SCV  
  80  7:42  Supply Depot  
  80  7:43  SCV  
  82  7:50  SCV  
  83  7:55  Siege Tank, SCV  
  83  7:56  SCV  
  88  8:02  SCV  
  89  8:07  SCV  
  89  8:08  SCV  
  89  8:11  Medivac  
  93  8:14  SCV  
  93  8:19  SCV  
  95  8:20  Armory  
  95  8:23  SCV  
  95  8:26  SCV  
  100  8:27  Siege Tank  
  100  8:31  SCV  
  101  8:35  SCV  
  101  8:37  Missile Turret  
  101  8:38  SCV  
  103  8:43  Missile Turret, SCV  
  103  8:45  Supply Depot  
  104  8:48  Orbital Command  
  104  8:49  Marauder  
  104  8:50  SCV  
  104  8:53  Marauder  
  102  8:55  SCV  
  102  8:58  Marine  
  102  8:59  Marine  
  102  9:01  Marine  
  97  9:02  SCV  
  97  9:07  Terran Infantry Weapons Level 2, SCV  
  97  9:09  Marine  
  98  9:14  SCV  
  98  9:15  Marauder  
  98  9:16  Marine, Siege Tank  
  106  9:17  Marine  
  106  9:18  Medivac  
  106  9:21  Marine  
  110  9:24  Supply Depot  
  110  9:28  Marauder  
  112  9:33  Command Center  
  112  9:34  Marine  
  112  9:36  Marauder  
  115  9:47  Missile Turret  
  115  9:49  Siege Tank, Marauder  
  115  9:52  Supply Depot  
  120  10:00  Refinery  
  120  10:02  Refinery  
  120  10:06  Refinery  
  120  10:09  Missile Turret  
  120  10:12  Medivac  
  122  10:16  Supply Depot  
  122  10:21  Siege Tank  
  125  10:24  SCV  
  125  10:25  Terran Vehicle Weapons Level 1  
  126  10:29  SCV  
  126  10:30  Missile Turret, SCV  
  128  10:36  SCV  
  128  10:41  Armory  
  129  10:42  Supply Depot  
  129  10:46  SCV  
  129  10:47  SCV x2  
  129  10:48  SCV  
  129  10:49  Factory  
  133  10:52  Widow Mine  
  133  10:53  Marauder x2  
  133  10:54  Refinery  
  133  10:55  Command Center  
  133  10:56  Marine  
  134  10:57  Marine x2  
  134  10:58  SCV  
  134  11:02  Planetary Fortress  
  122  11:07  Missile Turret  
  122  11:09  Missile Turret  
  118  11:14  Marine x2  
  118  11:15  Marine x2, Marauder  
  118  11:16  Starport  
  122  11:21  Widow Mine  
  120  11:28  Terran Vehicle And Ship Armor Level 1  
  120  11:29  Terran Infantry Weapons Level 3  
  120  11:32  Marine, Marauder  
  119  11:33  Marine x2, Factory Tech Lab  
  119  11:35  Hi-Sec Auto Tracking  
  119  11:36  Marauder  
  123  11:46  Refinery  
  117  11:50  Marine, Siege Tank, Widow Mine  
  117  11:54  Factory, Starport Tech Lab, Marauder  
  125  12:12  Marine  
  125  12:13  Marine x3, Raven  
  125  12:14  Refinery  
  131  12:17  Refinery  
  131  12:19  Thor, Planetary Fortress, Command Center  
  131  12:22  Siege Tank  
  140  12:23  Infernal Pre-Igniter  
  140  12:24  Missile Turret  
  140  12:28  Missile Turret  
  140  12:38  Hellion  
  140  12:54  Siege Tank  
  140  12:56  Raven  
  140  12:58  Missile Turret  
  145  12:59  Hellion  
  145  13:00  Missile Turret  
  145  13:02  Siege Tank, Missile Turret  
  145  13:05  Missile Turret  
  150  13:11  Viking  
  152  13:15  Viking  
  152  13:18  Factory  
  154  13:20  Widow Mine  
  154  13:21  Supply Depot  
  154  13:25  Ghost Academy  
  154  13:26  Cyclone  
  159  13:31  Planetary Fortress  
  159  13:35  Hellion  
  159  13:39  Viking, Missile Turret  
  163  13:44  Missile Turret  
  163  13:45  Viking  
  163  13:46  Building Armor, Medivac  
  167  13:49  Cyclone  
  167  13:55  Widow Mine  
  170  13:56  Ghost  
  170  13:58  Thor  
  170  14:01  Cyclone  
  183  14:13  High Capacity Fuel Tanks  
  183  14:17  Ghost  
  183  14:21  Hellion  
  183  14:22  Refinery  
  187  14:24  Thor  
  187  14:27  Command Center  
  193  14:34  Factory Tech Lab  
  193  14:41  Hellion  
  193  14:43  Cyclone  
  198  14:52  Widow Mine  
  200  14:58  Missile Turret  
  200  15:11  Refinery  
  200  15:21  Missile Turret  
Show
View Real Time Build Order
Export as new Build Order

A.I. 2 (Elite) Protoss 

Build Orders: Zealot Archon 

Get SALT Encoding   

  12  0:01  Probe (Chrono Boost)  
  13  0:11  Probe (Chrono Boost)  
  14  0:21  Pylon  
  14  0:22  Probe (Chrono Boost)  
  15  0:39  Probe (Chrono Boost)  
  16  0:47  Assimilator  
  16  0:50  Probe (Chrono Boost)  
  16  0:51  Gateway  
  17  1:00  Probe (Chrono Boost)  
  17  1:02  Pylon  
  19  1:11  Probe (Chrono Boost)  
  19  1:21  Probe (Chrono Boost)  
  21  1:33  Probe (Chrono Boost)  
  21  1:36  Zealot  
  21  1:39  Cybernetics Core  
  23  1:41  Gateway  
  23  1:44  Probe (Chrono Boost)  
  24  1:52  Pylon  
  24  1:55  Probe (Chrono Boost)  
  25  2:01  Zealot  
  25  2:06  Assimilator  
  27  2:10  Warp Gate  
  27  2:13  Probe (Chrono Boost)  
  28  2:25  Probe (Chrono Boost)  
  28  2:27  Adept x2  
  33  2:44  Robotics Facility  
  33  2:46  Probe (Chrono Boost)  
  34  2:53  Adept  
  34  2:57  Adept  
  38  3:09  Probe (Chrono Boost)  
  38  3:10  Pylon  
  39  3:27  Sentry, Adept  
  39  3:32  Immortal  
  47  3:46  Pylon  
  47  4:02  Stalker  
  47  4:03  Stalker  
  47  4:06  Pylon  
  51  4:12  Immortal  
  55  4:25  Twilight Council  
  55  4:49  Pylon  
  55  5:05  Templar Archives  
  55  5:18  Zealot  
  55  5:20  Gateway  
  57  5:25  Nexus  
  57  5:42  High Templar  
  57  5:47  Zealot  
  61  6:03  Forge  
  61  6:06  Sentry, Pylon  
  63  6:12  High Templar  
  63  6:16  Forge  
  65  6:20  Stalker  
  67  6:26  Archon  
  67  6:37  Probe (Chrono Boost)  
  67  6:38  Probe (Chrono Boost)  
  69  6:40  Pylon  
  69  6:45  Assimilator  
  69  6:46  Assimilator  
  69  6:48  Probe (Chrono Boost), High Templar  
  69  6:49  Probe (Chrono Boost)  
  73  6:59  Probe (Chrono Boost)  
  73  7:00  Probe (Chrono Boost)  
  75  7:10  Probe (Chrono Boost)  
  75  7:12  Probe (Chrono Boost)  
  75  7:14  High Templar  
  79  7:19  Stalker  
  79  7:22  Probe (Chrono Boost)  
  82  7:24  Probe (Chrono Boost)  
  82  7:25  Observer  
  84  7:30  Stalker  
  84  7:31  Archon  
  84  7:33  Probe (Chrono Boost)  
  84  7:36  Probe (Chrono Boost)  
  88  7:40  Pylon  
  88  7:41  Nexus  
  89  7:44  Probe (Chrono Boost)  
  89  7:45  High Templar  
  89  7:47  Probe (Chrono Boost)  
  92  7:55  Probe (Chrono Boost)  
  94  7:58  Probe (Chrono Boost), High Templar  
  94  8:03  Stalker  
  94  8:04  Pylon  
  98  8:07  Probe (Chrono Boost)  
  98  8:09  Probe (Chrono Boost)  
  100  8:14  Stalker  
  100  8:19  Probe (Chrono Boost)  
  103  8:25  Stalker  
  103  8:26  Pylon, Psionic Storm  
  105  8:33  Protoss Ground Weapons Level 1  
  105  8:49  Zealot x3  
  105  8:54  Probe x2 (Chrono Boost)  
  102  8:56  Probe (Chrono Boost)  
  74  9:05  Probe (Chrono Boost)  
  74  9:08  High Templar  
  74  9:09  Adept, Stalker  
  71  9:16  Probe (Chrono Boost)  
  73  9:17  Probe (Chrono Boost)  
  73  9:20  Probe (Chrono Boost)  
  74  9:27  Sentry, Probe (Chrono Boost)  
  74  9:30  Adept, Assimilator  
  80  9:32  Probe (Chrono Boost)  
  80  9:33  Probe (Chrono Boost)  
  80  9:38  Zealot, Probe (Chrono Boost)  
  84  9:43  Probe (Chrono Boost)  
  84  9:44  Probe (Chrono Boost)  
  86  9:49  Zealot x2, Archon  
  86  9:50  Probe (Chrono Boost)  
  91  9:54  Probe (Chrono Boost)  
  91  9:56  Probe (Chrono Boost)  
  91  9:57  Zealot  
  95  10:01  Probe (Chrono Boost)  
  95  10:06  Probe (Chrono Boost)  
  97  10:07  Probe (Chrono Boost)  
  97  10:08  Zealot x2  
  97  10:13  Immortal, Probe (Chrono Boost)  
  102  10:16  High Templar  
  102  10:18  Probe (Chrono Boost)  
  109  10:27  Zealot, High Templar  
  113  10:34  Pylon  
  113  10:35  Assimilator, Protoss Ground Armor Level 1  
  113  10:45  Adept, Zealot  
  117  10:50  Immortal  
  103  10:57  Stalker  
  103  10:59  Probe (Chrono Boost)  
  103  11:00  Pylon  
  103  11:01  Probe (Chrono Boost)  
  81  11:04  Zealot, Stalker  
  77  11:11  Probe (Chrono Boost)  
  77  11:13  Probe (Chrono Boost)  
  77  11:16  Probe (Chrono Boost)  
  77  11:18  High Templar  
  71  11:23  Adept, Probe (Chrono Boost)  
  71  11:25  Probe (Chrono Boost)  
  71  11:26  Sentry, Immortal  
  71  11:28  Probe (Chrono Boost)  
  72  11:35  Probe (Chrono Boost)  
  72  11:37  Probe (Chrono Boost)  
  72  11:39  Probe (Chrono Boost)  
  73  11:42  Stalker, Pylon  
  74  11:47  Probe (Chrono Boost)  
  74  11:48  Probe (Chrono Boost), High Templar  
  74  11:49  Adept  
  74  11:51  Probe (Chrono Boost)  
  68  11:58  Probe (Chrono Boost)  
  70  12:02  Immortal  
  70  12:03  Stalker, Probe (Chrono Boost)  
  70  12:04  Probe (Chrono Boost)  
  70  12:08  Zealot  
  76  12:11  Probe (Chrono Boost)  
  76  12:14  Probe (Chrono Boost)  
  68  12:18  Stalker  
  68  12:22  Probe (Chrono Boost)  
  67  12:25  High Templar  
  67  12:26  Probe (Chrono Boost)  
  67  12:27  Sentry  
  61  12:40  Stalker  
  54  12:49  Probe (Chrono Boost)  
  45  12:53  Probe (Chrono Boost)  
  45  12:55  High Templar  
  46  13:01  Sentry  
  46  13:05  Probe (Chrono Boost)  
  46  13:10  Gateway  
  38  13:15  Probe (Chrono Boost)  
  39  13:23  Pylon  
  39  13:26  Probe (Chrono Boost)  
  39  13:31  Nexus  
  32  14:17  Nexus  
  31  14:43  Pylon  
Tags
 
Add a new tag
Caveats
  • Supply blocks, unpowered buildings, or Contaminate may cause inaccurate times.
  • Supply counts are checked every 10 seconds.